 Dungeon Crawl Stone Soup version 0.30.1-9-gdf580d7c3d (webtiles) character file.

Game seed: 1048367689761232882

15097 Ijustatesigmund the Geomancer (level 12, 0/67 HPs)
             Began as a Gargoyle Earth Elementalist on Oct 23, 2023.
             Was an Elder of Cheibriados.
             Slain by a manticore (4 damage)
             ... on level 11 of the Dungeon.
             The game lasted 00:31:56 (17182 turns).

Ijustatesigmund the Geomancer (GrEE)               Turns: 17182, Time: 00:31:57

Health: 0/67       AC: 19    Str: 21    XL:     12   Next: 23%
Magic:  2/24       EV: 12    Int: 32    God:    Cheibriados [****..]
Gold:   673        SH:  6    Dex: 23    Spells: 18/28 levels left

rFire   + . .        h - +4 flail (freeze)
rCold   + . .        I - +0 buckler
rNeg    + + .        a - +2 acid dragon scales
rPois   ∞            (no helmet)
rElec   +            (no cloak)
rCorr   +            m - +2 pair of gloves
SInv    .            J - +1 pair of boots
Will    .....        (no amulet)
Stlth   ++           D - ring of protection from cold
HPRegen 0.31/turn    e - ring of Mobraley {rF+ rN+ Dex+3}
MPRegen 0.19/turn

%: no passive effects
@: spiked, corroded, very slow
A: sickness immunity, AC +8, negative energy resistance 1, electricity
resistance, torment resistance 1, petrification resistance
a: Renounce Religion, Bend Time, Temporal Distortion, Slouch


You were on level 11 of the Dungeon.
You worshipped Cheibriados.
Cheibriados was greatly pleased with you.
You visited 2 branches of the dungeon, and saw 12 of its levels.

You collected 673 gold pieces.

Inventory:

Hand Weapons
 d - a +1 morningstar
 h - a +4 flail of freezing (weapon)
 z - a +1 flail of protection
Missiles
 y - 3 throwing nets
Armour
 a - +2 acid dragon scales (worn)
 m - a +2 pair of gloves (worn)
 I - a +0 buckler (worn)
 J - a +1 pair of boots (worn)
Magical Staves
 o - a staff of earth
 u - a staff of conjuration
Jewellery
 e - the ring of Mobraley (right hand) {rF+ rN+ Dex+3}
   (You acquired it on level 7 of the Dungeon)

   [ring of positive energy]

   Dex:       It affects your dexterity (+3).
   rF:        It protects you from fire.
   rN:        It protects you from negative energy.
 q - a ring of protection from fire
 D - a ring of protection from cold (left hand)
Wands
 C - a wand of charming (9)
 E - a wand of mindburst (10)
 G - a wand of flame (12)
Scrolls
 f - a scroll of fear
 j - 2 scrolls of poison
 n - a scroll of amnesia
 p - 2 scrolls of enchant weapon
 r - 2 scrolls of enchant armour
 s - 4 scrolls of teleportation
 t - 2 scrolls of fog
 H - a scroll of magic mapping
 K - a scroll of immolation {unknown}
Potions
 b - 3 potions of magic
 c - 2 potions of haste
 g - a potion of attraction
 i - a potion of heal wounds
 k - a potion of flight {unknown}
 l - 2 potions of might {unknown}
 v - 3 potions of lignification
 w - a potion of brilliance {unknown}
 x - 3 potions of degeneration {unknown}
 A - 2 potions of mutation {unknown}
 B - a potion of curing
 F - 3 potions of ambrosia {unknown}


   Skills:
 - Level 4.5 Fighting
 - Level 3.1 Maces & Flails
 - Level 4.0 Armour
 - Level 1.5 Dodging
 - Level 2.1 Stealth
 + Level 4.4 Shields
 + Level 8.9 Spellcasting
 + Level 10.0 Conjurations
 - Level 0.7 Transmutations
 + Level 11.7 Earth Magic
 + Level 8.7 Invocations


You had 18 spell levels left.
You knew the following spells:

 Your Spells              Type           Power      Damage    Failure   Level
a - Sandblast             Erth           100%       2d20      1%          1
b - Stone Arrow           Conj/Erth      100%       3d13      1%          3
c - Iron Shot             Conj/Erth      35%        9d7       10%         6

Your spell library contained the following spells:

 Spells                   Type           Power      Damage    Failure   Level
 Passwall                 Tmut/Erth      43%        N/A       1%          2
 Petrify                  Tmut/Erth      52%        N/A       4%          4
 Animate Dead             Necr           14%        N/A       47%         4
 Summon Ice Beast         Ice/Summ       14%        N/A       47%         4
 Summon Mana Viper        Hex/Summ       14%        N/A       83%         5
 Haunt                    Necr/Summ      7%         N/A       100%        7
 Monstrous Menagerie      Summ           7%         N/A       100%        7
 Infestation              Necr           7%         N/A       100%        8


Dungeon Overview and Level Annotations

Branches:
Dungeon (11/15)            Temple (1/1) D:6            Lair (0/5) D:11
    Orc (0/2) D:9

Altars:
Ashenzari
Cheibriados
Dithmenos
Elyvilon
Fedhas
Gozag
Hepliaklqana
Kikubaaqudgha
Makhleb
Nemelex Xobeh
Okawaru
Qazlal
Ru
Sif Muna
Trog
Uskayaw
Vehumet
Wu Jian
Xom
Yredelemnul
Zin
The Shining One

Shops:
D:8 !   D:10 (

Annotations:
D:11 1 runed translucent door, exclusion: 2 oklob plants, Peloso's ghost, novice MiFi


Innate Abilities, Weirdness & Mutations

You are immune to sickness and miasma.
Your stone body is resilient. (AC +8)
You are immune to poison.
You resist negative energy. (rN+)
You are resistant to electric shocks. (rElec)
You are resistant to unholy torment.
You are immune to petrification.


Message History

The splash of acid hits you! You resist. The acid corrodes you!
The manticore flicks its tail.
The volley of spikes hits you!
The barbed spikes become lodged in your body.
The barbs in your skin will harm you if you move.
Continue?
The barbed spikes dig painfully into your body as you move.
The oklob plant spits acid at you. The splash of acid hits you! You resist.
The manticore flicks its tail.
The volley of spikes misses you.
The barbed spikes dig painfully into your body as you move.
Casting: Iron Shot (quite dangerous; 10% risk of failure)
Confirm with . or Enter, or press ? or * to list all spells.
The spell is quite dangerous to miscast (10% risk of failure)!
Continue anyway? [Y]es or [N]o only, please.
The spell is quite dangerous to miscast (10% risk of failure)!
Continue anyway?
Aiming: Iron Shot (quite dangerous; 10% risk of failure)
Press: ? - help, Shift-Dir - straight line, f - manticore
Aim: a manticore (84% to hit)
The iron shot misses the manticore.
Casting: Iron Shot (quite dangerous; 10% risk of failure)
Confirm with . or Enter, or press ? or * to list all spells.
The spell is quite dangerous to miscast (10% risk of failure)!
Continue anyway? [Y]es or [N]o only, please.
The spell is quite dangerous to miscast (10% risk of failure)!
Continue anyway?
Aiming: Iron Shot (quite dangerous; 10% risk of failure)
Press: ? - help, Shift-Dir - straight line, f/p - manticore
Aim: a manticore (84% to hit)
The iron shot misses the manticore.
You hit the manticore. You freeze the manticore.
The manticore is lightly wounded.
The manticore bites you! The manticore claws you.
The manticore claws you but does no damage.
Your magical contamination has completely faded away.
You hit the manticore but do no damage.
The manticore is lightly wounded.
You block the manticore's attack. x3; The manticore bites you!!
* * * LOW HITPOINT WARNING * * *
The manticore claws you.
You die...

...# ...#### .!...#
##....# #####...#.##
.≈...#..#..#
#.......#############
##..H#...............
PPPP$.#@#...############
P>PP.≈#.##..........#


PPPP. #.##.)#######.# .PP##....##..## #.## ... ....###).# #..# .≈
#....^..)######.# ### ...####[........## #.## #### ##..#####..## #..# ##..#
#.... You could see a manticore.

Vanquished Creatures
  3 centaur warriors (D:11)
  A two-headed ogre (D:9)
  A boulder beetle (D:11)
  A tengu warrior (D:11)
  Nergalle (D:11)
  A manticore (D:11)
  An efreet (D:11)
  A gargoyle (D:10)
  A kobold demonologist (D:11)
  An unseen horror (D:11)
  Maggie (D:7)
  A hornet (D:11)
  2 trolls
  4 shadows
  28 yaks
  A wraith (D:10)
  2 hogs (D:7)
  A human (D:7)
  A steam dragon (D:8)
  3 water moccasins
  3 orc warriors
  An ogre (D:8)
  4 centaurs
  2 kobold brigands
  2 bullfrogs (D:7)
  2 gnoll sergeants
  3 scorpions
  4 wights (D:10)
  7 killer bees
  5 howler monkeys
  An electric eel (D:8)
  2 hounds (D:5)
  A jelly (D:6)
  8 orc priests
  2 gnoll boudas (D:5)
  8 orc wizards
  A sleepcap (D:4)
  5 iguanas
  21 gnolls
  7 adders
  A shadow imp (D:4)
  3 white imps
  2 ufetubi
  3 worms
  4 dart slugs
  44 orcs
  4 ball pythons
  5 endoplasms
  3 giant cockroaches
  6 goblins
  9 hobgoblins
  4 kobolds
  3 quokkas
  4 frilled lizards
  5 rats
245 creatures vanquished.

Vanquished Creatures (others)
  A komodo dragon (D:11)
1 creature vanquished.

Grand Total: 246 creatures vanquished

Notes
Turn   | Place    | Note
-------+----------+-------------------------------------------
     0 | D:1      | Ijustatesigmund the Gargoyle Earth Elementalist began the
                  | quest for the Orb.
     0 | D:1      | Reached XP level 1. HP: 10/10 MP: 3/3
   199 | D:1      | Reached XP level 2. HP: 16/16 MP: 3/5
   383 | D:1      | Got Sif Muna's Vademecum on Indurated Anathema
   564 | D:1      | Reached skill level 1 in Fighting
   600 | D:1      | Reached skill level 4 in Earth Magic
   963 | D:2      | Reached XP level 3. HP: 20/20 MP: 2/6
   967 | D:2      | Learned a level 3 spell: Stone Arrow
  2055 | D:3      | Reached XP level 4. HP: 26/26 MP: 5/8
  2229 | D:3      | Found a stormy altar of Qazlal.
  2278 | D:3      | Found a faded altar of an unknown god.
  2557 | D:4      | You fall into a shaft and drop 2 floors!
  2634 | D:6      | Reached skill level 1 in Conjurations
  2651 | D:6      | Reached skill level 1 in Maces & Flails
  2651 | D:6      | Reached XP level 5. HP: 25/30 MP: 4/9
  2795 | D:5      | Entered Level 5 of the Dungeon
  3042 | D:4      | Reached skill level 5 in Earth Magic
  3098 | D:4      | Reached XP level 6. HP: 34/35 MP: 3/11
  4183 | D:5      | Reached XP level 7. HP: 22/40 MP: 8/12
  4441 | D:5      | Reached skill level 6 in Earth Magic
  4513 | D:5      | Found a shimmering blue altar of Sif Muna.
  5056 | D:5      | Found a broken altar of Ashenzari.
  5060 | D:5      | Saw a vision of the Swamp and the Snake Pit.
  5060 | D:5      | Noticed a bog body
  5060 | D:5      | Noticed a bloated husk
  5060 | D:5      | Noticed a bog body
  5060 | D:5      | Noticed a goliath frog
  5060 | D:5      | Noticed an anaconda
  5060 | D:5      | Noticed a naga mage
  5060 | D:5      | Noticed a black mamba
  5060 | D:5      | Noticed a mana viper
  5060 | D:5      | Noticed a naga
  5060 | D:5      | Noticed a salamander
  5060 | D:5      | Noticed an anaconda
  5061 | D:5      | Noticed a salamander tyrant
  5061 | D:5      | Noticed a swamp dragon
  5062 | D:5      | Noticed an eleionoma
  5062 | D:5      | Noticed a naga sharpshooter
  5678 | D:6      | Reached XP level 8. HP: 33/44 MP: 9/14
  6069 | D:6      | Found a staircase to the Ecumenical Temple.
  6079 | Temple   | Entered the Ecumenical Temple
  6198 | Temple   | Became a worshipper of Cheibriados the Contemplative
  6550 | D:6      | Found a hide-covered altar of Uskayaw.
  6565 | D:6      | Found an iron altar of Okawaru.
  6722 | D:6      | Reached skill level 5 in Spellcasting
  6722 | D:6      | Reached skill level 7 in Earth Magic
  6828 | D:6      | Found a hazy altar of Hepliaklqana.
  6971 | D:7      | Identified a scroll of acquirement
  6971 | D:7      | Acquired the ring of Mobraley {rF+ rN+ Dex+3}
  6987 | D:7      | Reached skill level 1 in Invocations
  6990 | D:7      | Reached skill level 5 in Conjurations
  7300 | D:7      | Noticed a yak
  7300 | D:7      | Noticed a yak
  7337 | D:7      | Reached XP level 9. HP: 29/48 MP: 2/17
  7338 | D:7      | Reached skill level 8 in Earth Magic
  7449 | D:7      | Learned a level 6 spell: Iron Shot
  7461 | D:7      | Reached * piety under Cheibriados
  7684 | D:7      | Noticed Maggie
  7691 | D:7      | Killed Maggie
  8279 | D:7      | Reached skill level 1 in Armour
  8922 | D:8      | Found Wuassami's Distillery.
  9160 | D:8      | Reached skill level 9 in Earth Magic
  9160 | D:8      | Reached skill level 5 in Invocations
  9644 | D:8      | Reached XP level 10. HP: 51/53 MP: 12/19
  9879 | D:9      | Found a sacrificial altar of Ru.
 10960 | D:8      | Reached ** piety under Cheibriados
 11872 | D:9      | Found a staircase to the Orcish Mines.
 12282 | D:9      | Noticed a two-headed ogre
 12287 | D:9      | Killed a two-headed ogre
 12287 | D:9      | Reached *** piety under Cheibriados
 12288 | D:9      | Reached skill level 10 in Earth Magic
 12880 | D:10     | Entered Level 10 of the Dungeon
 12994 | D:10     | Found Wiqumeb's Antique Weapon Emporium.
 13192 | D:10     | Noticed a gargoyle
 13198 | D:10     | Killed a gargoyle
 13199 | D:10     | Reached XP level 11. HP: 60/60 MP: 12/22
 13900 | D:10     | Reached **** piety under Cheibriados
 14603 | D:11     | Noticed Nergalle
 14608 | D:11     | Killed Nergalle
 14728 | D:11     | Reached skill level 1 in Shields
 14728 | D:11     | Noticed a manticore
 14733 | D:11     | Killed a manticore
 14762 | D:11     | Noticed a centaur warrior
 14947 | D:11     | Killed a centaur warrior
 14947 | D:11     | Noticed a tengu warrior
 15186 | D:10     | Reached skill level 11 in Earth Magic
 15756 | D:11     | Killed a tengu warrior
 16286 | D:11     | Found a runed translucent door.
 16287 | D:11     | Found a shimmering altar of Xom.
 16287 | D:11     | Noticed Peloso's ghost (novice MiFi)
 16288 | D:11     | Noticed a +0 scimitar of chaos
 16323 | D:11     | Noticed a centaur warrior
 16327 | D:11     | Killed a centaur warrior
 16403 | D:11     | Noticed a centaur warrior
 16409 | D:11     | Killed a centaur warrior
 16410 | D:11     | Reached XP level 12. HP: 25/67 MP: 14/24
 16434 | D:11     | Noticed a boulder beetle
 16543 | D:11     | Killed a boulder beetle
 16774 | D:11     | Reached skill level 10 in Conjurations
 17173 | D:11     | Found a staircase to the Lair.
 17182 | D:11     | Slain by a manticore

Illustrated notes

Levels and vault maps discovered:
D:1:      ebering_hopf_link, layout_loops_corners
D:2:      layout_basic
D:3:      layout_basic, mainiacjoe_overflow_small_starburst,
          basic_ecumenical_altar
D:4:      layout_basic
D:5:      layout_basic, grunt_ashenzari_visionary
          [grunt_ashenzari_visionary_swamp, grunt_ashenzari_visionary_snake],
          mainiacjoe_overflow_24_doors, amcnicky_mini_rare_corridor_liquid,
          dk_noncrumbling_4
D:6:      layout_gridville, mainiacjoe_overflow_alcove_4,
          mainiacjoe_overflow_large_starburst,
          minmay_temple_entry_drinking_statues
D:7:      layout_loops_corners, grunt_livestock, nrook_mini_vaults, uniq_maggie
D:8:      layout_basic, serial_shops, shop, st_stairs_4, grunt_ogre_cave
D:9:      layout_cave_pools, nicolae_overflow_crystal_walls, david_orc_5
D:10:     layout_loops_ring, serial_shops, nicolae_shop_peninsula
D:11:     layout_rooms, dpeg_oklobed_lair, ebering_ghost_xom,
          minmay_fractal_squares_gapless_7, uniq_nergalle
Temple:   nicolae_temple_superstar

Skill      XL: |  1  2  3  4  5  6  7  8  9 10 11 12 |
---------------+-------------------------------------+-----
Fighting       | 1 2 3 4 |  4.5
Earth Magic    | 4 5 6 7 9 10 11 | 11.7
Conjurations   | 1 2 3 4 5 7 8 9 10 | 10.0
Maces & Flails | 1 2 3 |  3.1
Spellcasting   | 3 4 5 6 7 8 |  8.9
Invocations    | 3 5 6 8 |  8.7
Armour         | 2 4 |  4.0
Shields        | 3 4 |  4.4
Dodging        | |  1.5
Stealth        | |  2.1
Transmutations | |  0.7

Action                     |  1- 3 |  4- 6 |  7- 9 | 10-12 || total
---------------------------+-------+-------+-------+-------++-------
  Melee: Unarmed           |     3 |       |       |       ||     3
         Flail             |     3 |    10 |    64 |   117 ||   194
         Morningstar       |       |    40 |       |       ||    40
         Punch             |       |     2 |     1 |     5 ||     8
         Staff             |       |       |       |    79 ||    79
   Cast: Sandblast         |    48 |    37 |     7 |     1 ||    93
         Stone Arrow       |       |    10 |    98 |   126 ||   234
         Iron Shot         |       |       |       |    21 ||    21
  Evoke: Wand              |       |       |     6 |     5 ||    11
    Use: Scroll            |     1 |     4 |     9 |     7 ||    21
         Potion            |       |       |     3 |     2 ||     5
   Stab: Distracted        |       |       |       |     1 ||     1
 Armour: Robe              |     4 |    33 |    27 |       ||    64
         Skin              |       |       |     6 |       ||     6
         Acid dragon scale |       |       |    12 |   212 ||   224
  Dodge: Dodged            |    11 |    32 |    63 |   208 ||   314
  Block: Buckler           |       |       |       |    19 ||    19
